 Dungeon Crawl Stone Soup version 0.24-a0-250-g6074511 (console) character file.

Game seed: 15541523759969829988

575 PrimeMinisterCorbyn the Digger (level 7, -1/47 HPs)
             Began as a Demonspawn Earth Elementalist on Apr 15, 2019.
             Blown up by Pikel (21 damage)
             ... with a wand of disintegration (7)
             ... on level 4 of the Dungeon.
             The game lasted 00:11:29 (4090 turns).

PrimeMinisterCorbyn the Digger (DsEE)               Turns: 4090, Time: 00:11:29

Health: -1/47      AC:  2    Str:  9    XL:     7   Next: 12%
Magic:  0/12       EV: 14    Int: 18    God:
Gold:   137        SH:  0    Dex: 13    Spells: 4/13 levels left

rFire    + . .     SeeInvis .   a - +1 trident (vamp)
rCold    . . .     Gourm    .   (no shield)
rNeg     . . .     Faith    .   c - +0 robe
rPois    .         Spirit   .   (no helmet)
rElec    .         Reflect  .   (no cloak)
rCorr    .         Harm     .   (no gloves)
MR       .....                  (no boots)
Stlth    +++.......             (no amulet)
HPRegen  0.15/turn              (no ring)
MPRegen  0.13/turn              (no ring)

@: no status effects
A: repulsion field 1, fire resistance 1, ignite blood, nightstalker 1, flame
cloud immunity
a: no special abilities


You were on level 4 of the Dungeon.
You were hungry.

You visited 1 branch of the dungeon, and saw 4 of its levels.

You collected 137 gold pieces.

Inventory:

Hand Weapons
 a - a +1 vampiric trident (weapon)
Armour
 c - a +0 robe (worn)
Scrolls
 e - 3 scrolls of teleportation {unknown}
 f - 2 scrolls of remove curse {unknown}
 j - a scroll of identify {unknown}
 l - a scroll of fog {unknown}
 m - 2 scrolls of enchant weapon {unknown}
 n - 3 scrolls of amnesia {unknown}
 o - a scroll of fear {unknown}
Potions
 g - a potion of mutation {unknown}
 h - a potion of curing
 k - 2 potions of lignification {unknown}
 p - a potion of cancellation {unknown}
Comestibles
 d - 7 rations
 i - 12 chunks of flesh


   Skills:
 + Level 0.6 Fighting
 * Level 1.1 Polearms
 - Level 1.7 Dodging
 - Level 1.7 Stealth
 + Level 3.9 Spellcasting
 + Level 2.7 Conjurations
   Level 0.8 Transmutations
 * Level 5.7 Earth Magic


You had 4 spell levels left.
You knew the following spells:

 Your Spells              Type           Power        Failure   Level  Hunger
a - Sandblast             Erth           ###...       1%          1    None
b - Stone Arrow           Conj/Erth      ###...       8%          3    ###....
f - Lee's Rapid Deconstr  Erth           ###.......   36%         5    ######.

Your spell library contained the following spells:

 Spells                   Type           Power        Failure   Level  Hunger
 Passwall                 Tmut/Erth      ###.....     6%          2    ##.....
 Petrify                  Tmut/Erth      ###.....     36%         4    ####...


Dungeon Overview and Level Annotations

Branches:
Dungeon (4/15)
 Temple: D:4-7

Altars:

Annotations:
D:4 Pikel


Innate Abilities, Weirdness & Mutations

You are surrounded by a mild repulsion field. (EV +2)
Your flesh is heat resistant. (rF+)
Your demonic aura causes spilled blood to erupt in flames.
You are slightly more attuned to the shadows.
You are immune to clouds of flame.


Message History

Confirm with . or Enter, or press ? or * to list all spells.
Aiming: Sandblast (safe; 1% risk of failure)
Press: ? - help, Shift-Dir - straight line, f/p - Pikel
Aim: Pikel, wielding a +1 whip of freezing, wearing a +0 robe and carrying a wand of disintegration (8) (severely wounded, unusually agile)
The blast of sand hits Pikel but does no damage.
Pikel is severely wounded.
b - a stone Pikel misses you.
Pikel zaps a wand.
You are blasted!
* * * LOW HITPOINT WARNING * * *
It was a potion of curing.
You feel better.
Unknown command.
Casting: Sandblast (safe; 1% risk of failure)
Confirm with . or Enter, or press ? or * to list all spells.
Aiming: Sandblast (safe; 1% risk of failure)
Press: ? - help, Shift-Dir - straight line, f/p - Pikel
Aim: Pikel, wielding a +1 whip of freezing, wearing a +0 robe and carrying a wand of disintegration (7) (severely wounded, unusually agile)
The blast of sand misses Pikel.
You now have no stones remaining.
Pikel zaps a wand.
You are blasted!
You die...

#####.......# .###+# ##
#.......# ...... .# #.......#
#########......
.####.......####...#.p†.p.....
....'............#.#p###p.....
.####........##..#h..# #.....
.# ##.#####.#(...p##### .....
.#####.#####.#..☼K......# ...p
.....#)#........@#.####.# ..K.
####.#.......#...#... !..
#.#)#).##.#.......#
#..)<.......####..#
#..)÷÷.####. ^.# #..##.....#.
..# #...).###.# #.....# #
#####>#


You could see Pikel, 3 slaves and a jackal.

Vanquished Creatures
  2 ogres
  A howler monkey (D:4)
  A crimson imp (D:3)
  A hound (D:4)
  An orc wizard (D:4)
  2 iguanas (D:4)
  Ijyb (D:3)
  2 worker ants (D:4)
  Robin (D:3)
  4 adders
  2 dart slugs
  3 leopard geckos
  5 orcs
  2 giant cockroaches (D:2)
  14 goblins
  11 hobgoblins
  6 jackals
  8 kobolds
  A quokka (D:4)
  2 ball pythons (D:3)
  6 bats
  9 frilled lizards
  14 rats
99 creatures vanquished.

Notes
Turn   | Place    | Note
-------+----------+-------------------------------------------
     0 | D:1      | PrimeMinisterCorbyn the Demonspawn Earth Elementalist began
                  | the quest for the Orb.
     0 | D:1      | Reached XP level 1. HP: 13/13 MP: 3/3
   226 | D:1      | Reached skill level 3 in Earth Magic
   348 | D:1      | Gained mutation: Your flesh is heat resistant. (rF+)
                  | [demonic ancestry]
   348 | D:1      | Reached XP level 2. HP: 19/19 MP: 1/5
  1124 | D:2      | Gained mutation: You are surrounded by a mild repulsion
                  | field. (EV +2) [demonic ancestry]
  1124 | D:2      | Reached XP level 3. HP: 24/24 MP: 4/6
  1171 | D:2      | Learned a level 3 spell: Stone Arrow
  1906 | D:2      | Reached skill level 4 in Earth Magic
  2105 | D:3      | Gained mutation: You are immune to clouds of flame.
                  | [demonic ancestry]
  2105 | D:3      | Reached XP level 4. HP: 24/30 MP: 6/8
  2246 | D:3      | Noticed an ogre
  2254 | D:3      | Killed an ogre
  2254 | D:3      | Reached skill level 1 in Conjurations
  2254 | D:3      | Gained mutation: Your demonic aura causes spilled blood to
                  | erupt in flames. [demonic ancestry]
  2254 | D:3      | Reached XP level 5. HP: 35/35 MP: 2/9
  2319 | D:3      | Learned a level 5 spell: Lee's Rapid Deconstruction
  2803 | D:3      | Reached skill level 5 in Earth Magic
  3010 | D:4      | Noticed Ijyb
  3118 | D:4      | Noticed an ogre
  3121 | D:4      | Killed an ogre
  3121 | D:4      | Reached XP level 6. HP: 41/41 MP: 5/11
  3474 | D:3      | Killed Ijyb
  3727 | D:4      | Noticed Robin
  3787 | D:4      | Gained mutation: You are slightly more attuned to the
                  | shadows. [demonic ancestry]
  3787 | D:4      | Reached XP level 7. HP: 25/47 MP: 1/12
  3891 | D:3      | Killed Robin
  3891 | D:3      | Reached skill level 1 in Polearms
  4056 | D:4      | Noticed Pikel
  4090 | D:4      | Blown up by Pikel

Levels and vault maps discovered:
D:1:      lordsloth_arrival_two_stooges, layout_basic,
          minmay_stone_trees_medium, hangedman_decor_clover_reticule,
          hangedman_decor_push, minmay_unequal
D:2:      layout_basic, first_ration, st_stairs_4
D:3:      layout_loops_cross
D:4:      layout_basic, uniq_ijyb, uniq_robin, uniq_pikel

Skill      XL: |  1  2  3  4  5  6  7 |
---------------+----------------------+-----
Earth Magic    | 3 4 5 |  5.7
Spellcasting   | 3 |  3.9
Conjurations   | 1 2 |  2.7
Polearms       | 1 |  1.1
Fighting       | |  0.6
Dodging        | |  1.7
Stealth        | |  1.7
Transmutations | |  0.8

Action                   |  1- 3 |  4- 6 |  7- 9 || total
-------------------------+-------+-------+-------++-------
Melee: Unarmed           |     2 |       |       ||     2
       Trident           |       |    28 |    36 ||    64
 Cast: Sandblast         |    80 |    70 |     7 ||   157
       Stone Arrow       |       |     9 |     3 ||    12
       Lee's Rapid Decon |       |       |     2 ||     2
  Use: Potion            |       |       |     1 ||     1
  Eat: Chunk             |     4 |     5 |       ||     9
       Ration            |       |     2 |       ||     2
Armor: Robe              |     5 |     1 |     6 ||    12
Dodge: Dodged            |    35 |    48 |    32 ||   115

Table legend:
 A = Non-vault XP
 B = Vault XP
 C = Vault XP percentage of total XP
 D = Non-vault monster count
 E = Vault monster count
 F = Vault count percentage of total count
                 A         B        C        D         E       F
            +---------+---------+-------+---------+---------+-------
      Total |     738 |      84 |  10.2 |      80 |      19 |  19.2
            +---------+---------+-------+---------+---------+-------
        D:1 |      24 |       6 |  20.0 |      15 |       3 |  16.7
        D:2 |      63 |       3 |   4.5 |      34 |       2 |   5.6
        D:3 |     221 |      51 |  18.8 |      14 |       2 |  12.5
        D:4 |     430 |      24 |   5.3 |      17 |      12 |  41.4
            +---------+---------+-------+---------+---------+-------
